 Dungeon Crawl Stone Soup version 0.31-a0-876-gfe8ebadbca (webtiles) character file.

Game seed: 7364861001532458867

47 Xavori the Cutter (level 3, 3/22 (26) HPs)
             Began as an Octopode Chaos Knight on Oct 13, 2023.
             Was a Plaything of Xom.
             Quit the game on level 2 of the Dungeon.
             The game lasted 00:01:19 (10368 turns).

Xavori the Cutter (Octopode Chaos Knight)          Turns: 10368, Time: 00:01:19

HP:   3/22 (26)     AC:  1    Str:  8    XL:     3   Next: 70%
MP:   3/3           EV: 13    Int: 18    God:    Xom [......]
Gold: 61            SH:  0    Dex: 12    Spells: 2/2 levels left

rFire   + . .        a - +0 short sword (chaos)
rCold   . . .        (no shield)
rNeg    . . .        (helmet restricted)
rPois   .            (no amulet)
rElec   .            (no ring)
rCorr   .            (no ring)
SInv    .            (no ring)
Will    .....        (no ring)
Stlth   +++          (no ring)
HPRegen 0.23/turn    (no ring)
MPRegen 0.08/turn    (no ring)
                     (no ring)

%: no passive effects
@: hasted, heavily drained, very quick
A: almost no armour, amphibious, 8 rings, camouflage 1, gelatinous body 1,
(nimble swimmer 1), tentacles, clever 1, fire resistance 1, teleportitis 1, weak
1
a: Renounce Religion


You were on level 2 of the Dungeon.
You worshipped Xom.
You were a very special plaything of Xom.
You visited 1 branch of the dungeon, and saw 2 of its levels.

You collected 61 gold pieces.

Inventory:

Hand Weapons
 a - a +0 short sword of chaos (weapon)
Scrolls
 b - 2 scrolls of butterflies
 d - a scroll of amnesia {unknown}
 f - a scroll of fog {unknown}
 h - a scroll of noise {unknown}
Potions
 c - a potion of cancellation {unknown}
 e - a potion of lignification {unknown}
 g - a potion of berserk rage {unknown}


   Skills:
 + Level 3.5 Fighting
 + Level 3.8 Short Blades
 + Level 2.6 Dodging
 + Level 1.0 Stealth


You had 2 spell levels left.
You didn't know any spells.
Your spell library was empty.

Dungeon Overview and Level Annotations

Branches:
Dungeon (2/15)

Altars:
Xom

Annotations:
D:2 Robin


Innate Abilities, Weirdness & Mutations

You cannot wear most types of armour.
You are amphibious.
You can wear up to eight rings at the same time.
Your skin changes colour to match your surroundings (Stealth+).
Your rubbery body absorbs attacks. (AC +1, EV +1)
((You are camouflaged when in or above water. (Stealth+)))
You have tentacles for arms and can constrict up to eight enemies at once.
Your mind is acute. (Int +4, Str/Dex -1)
Your flesh is heat resistant. (rF+)
You are occasionally teleported next to monsters.
You are weak. (Str -2)


Message History

You are too injured to fight recklessly!
You are too injured to fight recklessly!
You are too injured to fight recklessly!
You are too injured to fight recklessly!
You are too injured to fight recklessly!
You are too injured to fight recklessly!
You are too injured to fight recklessly!
Unknown command.
You are too injured to fight recklessly!
You are too injured to fight recklessly!
You hit the goblin.
You feel better.
You squeeze the goblin.
The goblin is severely wounded.
You constrict the goblin.
You kill the goblin!
Robin roars a battlecry!
The goblin goes into a battle-frenzy!
The goblin closely misses you.
You hear a shout!
You hit the goblin.
The goblin is poisoned.
Your grab misses the goblin. Your squeeze misses the goblin.
The goblin is heavily wounded.
Xom smiles on you.
You feel yourself speed up.
You are now a very special plaything of Xom.
A goblin comes into view. It is wielding a +0 dagger.
The goblin hits you with a +0 club.
* * * LOW HITPOINT WARNING * * *
Robin throws the goblin at you!
* * * LOW HITPOINT WARNING * * *
You kill the goblin!
The goblin attacks as it pursues you! The goblin hits you with a +0 club.
* * * LOW HITPOINT WARNING * * *
Your Stealth skill increases to level 1!
The goblin misses you. The goblin attacks as it pursues you!
The goblin misses you.
Unknown command.
Unknown command.
There is an open door here.
Unknown command.
Are you sure you want to abandon this character and quit the game? (Confirm with "yes".)

#'#.##.# #######)#.##.###
#......g).##...
#........##...# .
#......ggg+...+ ..
..#...)†....#...######...
.......†...gg#...#........
......######.#...#........
........####@#.#.#........
#.................<.......
#.............##.#.#+##...
#......#.........#.# #...
#.........#.#
#.........#..
#......####.. #......+
...# #...(..# ...#


You could see Robin, a hobgoblin (strong) and 4 goblins.

Vanquished Creatures
  A worm (D:2)
  An endoplasm (D:1)
  4 giant cockroaches (D:1)
  4 hobgoblins
  7 jackals (D:1)
  5 ball pythons (D:1)
  3 bats (D:1)
  2 frilled lizards (D:1)
  8 goblins
  3 rats (D:1)
38 creatures vanquished.

Notes
Turn   | Place    | Note
-------+----------+-------------------------------------------
     0 | D:1      | Xavori the Octopode Chaos Knight began the quest for the
                  | Orb.
     0 | D:1      | Reached XP level 1. HP: 16/16 MP: 1/1
    55 | D:1      | Reached XP level 2. HP: 11/21 MP: 2/2
   177 | D:1      | Found a faded altar of an unknown god.
   269 | D:1      | Reached XP level 3. HP: 17/26 MP: 3/3
   293 | D:1      | XOM: silly message
  1002 | D:1      | XOM: noise
  1089 | D:1      | XOM: silly message
  1268 | D:1      | XOM: noise
  1586 | D:1      | XOM: silly message
  1727 | D:1      | XOM: divination: detect creatures
  1781 | D:1      | XOM: divination: detect creatures
  1828 | D:1      | XOM: give mutations
  1828 | D:1      | Gained mutation: You are occasionally teleported next to
                  | monsters. [Xom's mischief]
  1828 | D:1      | Gained mutation: Your mind is acute. (Int +4, Str/Dex -1)
                  | [Xom's mischief]
  1828 | D:1      | Gained mutation: You are weak. (Str -2) [Xom's mischief]
  1933 | D:1      | XOM: noise
  2815 | D:1      | XOM is BORED!
  3240 | D:1      | XOM: scenery: summon butterflies
  4212 | D:1      | XOM is BORED!
  5414 | D:1      | XOM: scenery: summon butterflies
  6927 | D:1      | XOM: god gift: robe {god gift}
  7869 | D:1      | XOM: scenery: create altars
  8077 | D:1      | XOM is BORED!
  8077 | D:1      | XOM: draining
  8512 | D:1      | XOM: cloud trail
  9225 | D:1      | XOM: noise
  9444 | D:1      | XOM: torment (12/21 hp)
 10296 | D:2      | XOM: give mutations
 10296 | D:2      | Gained mutation: Your flesh is cold resistant. (rC+) [Xom's
                  | mischief]
 10296 | D:2      | Gained mutation: Your flesh is heat resistant. (rF+) [Xom's
                  | mischief]
 10296 | D:2      | Lost mutation: Your flesh is cold resistant. (rC+) [Xom's
                  | mischief]
 10356 | D:2      | Noticed Robin
 10361 | D:2      | XOM: potion effect (haste)
 10364 | D:2      | Reached skill level 1 in Stealth
 10368 | D:2      | Quit the game

Illustrated notes

Levels and vault maps discovered:
D:1:      erik_arrival_blinker_ship, layout_basic,
          shapermc_ecumenical_altar_flowoftime
D:2:      layout_basic, uniq_robin

Skill      XL: |  1  2  3 |
---------------+----------+-----
Stealth        | 1 |  1.0
Fighting       | |  3.5
Short Blades   | |  3.8
Dodging        | |  2.6

Action                     || total
---------------------------++-------
  Melee: Short sword       ||    76
         Constrict         ||    21
         Tentacles         ||    12
   Stab: Sleeping          ||     1
 Armour: Skin              ||    28
  Dodge: Dodged            ||    45

Table legend: (Time is in decaauts)
 A = Elapsed time spent in this place.
 B = Non-inter-level travel time spent in this place.
 C = Inter-level travel time spent in this place.
 D = Time resting spent in this place.
 E = Time spent auto-exploring this place.
 F = Levels seen in this place.
 G = Mean time per level.
                   A        B        C        D        E       F      G
               +--------+--------+--------+--------+--------+-----+--------+
         Total |  10353 |  10343 |     10 |   9636 |    545 |   2 | 5176.5 |
       Dungeon |  10353 |  10343 |     10 |   9636 |    545 |   2 | 5176.5 |
               +--------+--------+--------+--------+--------+-----+--------+

Top non-repeatable levels by time:
     D:1: 10270 daAuts
     D:2: 82 daAuts
